 Dungeon Crawl Stone Soup version 0.29-a0-315-gaf6dd05e2f (webtiles) character file.

Game seed: 2058476638032516886

37065 tilp the Fighter (level 13, -5/67 HPs)
             Began as a Felid Ice Elementalist on Mar 27, 2022.
             Was a High Priest of Vehumet.
             Slain by a wolf spider (6 damage)
             ... on level 14 of the Dungeon on Mar 29, 2022.
             The game lasted 01:15:55 (38751 turns).

tilp the Fighter (Felid Ice Elementalist)          Turns: 38751, Time: 01:15:56

Health: -5/67      AC: 13    Str:  4    XL:     13   Next: 56%
Magic:  20/27      EV: 21    Int: 31    God:    Vehumet [*****.]
Gold:   1862       SH:  0    Dex: 20    Spells: 4/30 levels left
                                        Lives:  0   Deaths: 4

rFire   + . .      SeeInvis +     - Unarmed
rCold   . . .      Faith    .   (shield unavailable)
rNeg    . . .      Spirit   .   (body armour unavailable)
rPois   .          Reflect  .   (helmet unavailable)
rElec   .          Harm     .   (cloak unavailable)
rCorr   .          Rampage  .   (gloves unavailable)
Will    +....                   (boots unavailable)
Stlth   +++++.....              f - amulet of regeneration
HPRegen 1.01/turn               t - +6 ring of intelligence
MPRegen 0.20/turn               v - ring of Jayb {Fire Int+4 Dex+3}

@: ice-armoured, quick
A: very small, claws 1, fangs 3, see invisible, speed 1, shaggy fur 3, stealthy
paws, no weapons or thrown items, no armour, multi-lived
a: Renounce Religion


You were on level 14 of the Dungeon.
You worshipped Vehumet.
Vehumet was extremely pleased with you.
You visited 4 branches of the dungeon, and saw 23 of its levels.
You also visited: Sewer, Bailey, Gauntlet and Ice Cave.

You collected 2609 gold pieces.
You spent 747 gold pieces at shops.

Inventory:

Jewellery
 f - an amulet of regeneration (around neck)
 t - a +6 ring of intelligence (left paw)
 v - the ring of Jayb (right paw) {Fire Int+4 Dex+3}
   (You took it off a minotaur in a Gauntlet)

   [ring of fire]

   It enhances your fire magic.
   Int:       It affects your intelligence (+4).
   Dex:       It affects your dexterity (+3).
   rF:        It protects you from fire.
   rC:        It makes you vulnerable to cold.
 C - the ring "Suttyapn" {Fire *Corrode rN+++ Int+6 Dex-4}
   (You found it on level 3 of the Lair of Beasts)

   [ring of fire]

   It enhances your fire magic.
   Int:       It affects your intelligence (+6).
   Dex:       It affects your dexterity (-4).
   rF:        It protects you from fire.
   rC:        It makes you vulnerable to cold.
   rN:        It renders you almost immune to negative energy.
   *Corrode:  It may corrode you when you take damage.
 G - a ring of ice
 H - a ring of the Octopus King {rCorr AC+1 EV+1 Str+1 Int+1 Dex+1}
   (You found it on level 6 of the Lair of Beasts)

   [ring of resist corrosion]

   AC:        It affects your AC (+1).
   EV:        It affects your evasion (+1).
   Str:       It affects your strength (+1).
   Int:       It affects your intelligence (+1).
   Dex:       It affects your dexterity (+1).
   rCorr:     It protects you from acid and corrosion.
 K - a ring of protection from fire
 L - a ring of protection from fire
 M - an amulet of faith
Wands
 e - a wand of polymorph (19)
 i - a wand of flame (62)
 m - a wand of paralysis (17)
 w - a wand of digging (4)
 A - a wand of iceblast (12)
 J - a wand of charming (4)
Scrolls
 h - 5 scrolls of blinking
 l - 3 scrolls of fog
 o - 2 scrolls of fear
 s - 4 scrolls of amnesia
 u - 3 scrolls of identify
 x - 2 scrolls of summoning
 y - 4 scrolls of teleportation
 E - a scroll of magic mapping
 F - 2 scrolls of vulnerability
 N - 2 scrolls of immolation
Potions
 a - 2 potions of cancellation
 b - 6 potions of flight
 c - 5 potions of curing
 d - 8 potions of heal wounds
 g - 9 potions of lignification
 j - 4 potions of might
 k - 3 potions of ambrosia
 n - 5 potions of brilliance
 p - 2 potions of attraction
 q - 6 potions of mutation
 r - a potion of haste
 D - 4 potions of resistance
 I - a potion of magic
Miscellaneous
 z - a piece from Xom's chessboard (15/15)
 B - a lightning rod (4/4)


   Skills:
 + Level 13.7 Fighting
 - Level 6.0 Dodging
 - Level 10.0 Stealth
 - Level 8.0 Unarmed Combat
 - Level 9.0 Spellcasting
 + Level 11.7 Conjurations
 - Level 4.0 Transmutations
 + Level 11.7 Ice Magic
 - Level 6.0 Earth Magic
 - Level 8.0 Evocations


You had 4 spell levels left.
You knew the following spells:

 Your Spells              Type           Power      Damage    Failure   Level
a - Freeze                Ice            100%       1d11      1%          1
b - Frozen Ramparts       Ice            100%       1d12      1%          3
c - Ozocubu's Armour      Ice            72%        N/A       1%          3
d - Hailstorm             Conj/Ice       72%        3d15      1%          4
e - Stone Arrow           Conj/Erth      100%       3d13      1%          3
f - Ozocubu's Refrigerat  Ice            36%        4d12      7%          7
g - Freezing Cloud        Conj/Ice/Air   29%        6-21      1%          5

Your spell library contained the following spells:

 Spells                   Type           Power      Damage    Failure   Level
 Lee's Rapid Deconstruct  Erth           25%        3d15*     2%          5
 Magic Dart               Conj           100%       1d8       1%          1
 Shock                    Conj/Air       100%       1d9       1%          1
 Sting                    Tmut/Pois      100%       1d8       1%          1
 Ensorcelled Hibernation  Hex/Ice        100%       N/A       1%          2
 Passwall                 Tmut/Erth      36%        N/A       1%          2
 Poisonous Vapours        Pois/Air       26%        N/A       1%          2
 Static Discharge         Conj/Air       50%        N/A       1%          2
 Wereblood                Tmut           38%        N/A       1%          2
 Conjure Flame            Conj/Fire      66%        6-21      1%          3
 Dazzling Flash           Conj/Hex       100%       N/A       1%          3
 Ignite Poison            Fire/Tmut/Pois 33%        N/A       1%          3
 Mephitic Cloud           Conj/Pois/Air  38%        N/A       1%          3
 Sticky Flame             Conj/Fire      66%        2d8       1%          4
 Slow                     Hex            52%        N/A       3%          1
 Call Imp                 Summ           13%        N/A       5%          2
 Sublimation of Blood     Necr           13%        N/A       5%          2
 Airstrike                Air            6%         N/A       10%         4
 Olgreb's Toxic Radiance  Pois           13%        N/A       10%         4
 Call Canine Familiar     Summ           13%        N/A       11%         3
 Confusing Touch          Hex            13%        N/A       11%         3
 Summon Guardian Golem    Hex/Summ       13%        N/A       11%         3
 Swiftness                Air            13%        N/A       11%         3
 Vampiric Draining        Necr           13%        2d6       11%         3
 Dispel Undead            Necr           13%        3d9       34%         4
 Irradiate                Conj/Tmut      29%        3d23      1%          5
 Orb of Destruction       Conj           36%        9d11      7%          7
 Conjure Ball Lightning   Conj/Air       25%        3x3d7     13%         6
 Blade Hands              Tmut           19%        N/A       19%         5
 Spellforged Servitor     Conj/Summ      25%        N/A       54%         7
 Agony                    Necr           13%        N/A       69%         5
 Silence                  Hex/Air        6%         N/A       69%         5
 Lehudib's Crystal Spear  Conj/Erth      31%        10d8      80%         8
 Dragon Form              Tmut           19%        N/A       99%         7
 Malign Gateway           Summ/Tloc      6%         N/A       100%        7
 Summon Hydra             Summ           6%         N/A       100%        7
 Discord                  Hex            6%         N/A       100%        8
 Disjunction              Tloc           6%         N/A       100%        8
 Summon Horrible Things   Summ           6%         N/A       100%        8
 Animate Armour           Summ/Erth      Unusable   N/A       N/A         4

Dungeon Overview and Level Annotations

Branches:
Dungeon (14/15)            Temple (1/1) D:6            Lair (6/6) D:8
  Swamp (0/4) Lair:2       Spider (0/4) Lair:2        Slime (0/5) Lair:5
    Orc (2/2) D:9             Elf (0/3) Orc:2        Vaults (0/5) D:13
  Sewer (visited)          Bailey (visited)           IceCv (visited)
Gauntlet (visited)

Altars:
Ashenzari
Cheibriados
Dithmenos
Elyvilon
Fedhas
Gozag
Hepliaklqana
Kikubaaqudgha
Makhleb
Nemelex Xobeh
Okawaru
Qazlal
Ru
Sif Muna
Trog
Uskayaw
Vehumet
Wu Jian
Xom
Yredelemnul
Zin
The Shining One
Beogh
Jiyva

Shops:
D:9 [   Orc:2 (:?[[

Annotations:
D:10 Lodul
Lair:2 3 runed translucent doors, Dialam's ghost, journeyman OpFi
Lair:4 2 transporters, Atont's ghost, journeyman DDFi
Lair:5 1 runed translucent door, exclusion: boulder beetle


Innate Abilities, Weirdness & Mutations

You have sharp claws.
You have razor-sharp teeth.
You have supernaturally acute eyesight. (SInv)
You cover ground quickly. (Speed+)
Your thick and shaggy fur keeps you warm. (AC +3, rC+)
Your paws help you pounce on unaware monsters.
You are incapable of wielding weapons or throwing items.
You cannot wear armour.
You gain extra lives every three experience levels.


Message History

Unknown command.
Casting: Freezing Cloud (dangerous; 1% risk of failure)
Confirm with . or Enter, or press ? or * to list all spells.
A film of ice covers your body!
The harpy is engulfed in freezing vapours.
The harpy closely misses you. x2
The harpy is engulfed in freezing vapours.
The tengu warrior is engulfed in freezing vapours.
The wolf spider is engulfed in freezing vapours.
The wolf spider barely misses you. The wolf spider completely misses you.
The wolf spider is engulfed in freezing vapours.
The wolf spider hits you!!
* * * LOW HITPOINT WARNING * * *
The wolf spider bites you!
* * * LOW HITPOINT WARNING * * *
You are lethally poisoned!
The wolf spider poisons you!
Unknown command.
Unknown command.
You feel better.
The harpy is engulfed in freezing vapours. x2
The harpy barely misses you. The harpy misses you.
The wolf spider is engulfed in freezing vapours.
The wolf spider hits you.
* * * LOW HITPOINT WARNING * * *
The wolf spider bites you!
* * * LOW HITPOINT WARNING * * *
The wolf spider is engulfed in freezing vapours.
The wolf spider closely misses you.
The wolf spider bites you but does no damage.
The tengu warrior is engulfed in freezing vapours.
The harpy is engulfed in freezing vapours.
You kill the harpy!
Vehumet accepts your kill.
You feel your power returning.
The wolf spider is engulfed in freezing vapours.
The wolf spider barely misses you. x2
The wolf spider is engulfed in freezing vapours.
The wolf spider closely misses you. The wolf spider bites you.
You die...

........##.#.#.#.##.........#...#
........#..)......#.........##...
........##.#.#.#.##.........###..
........#####'###################
.#<..#..##.....# #).##.# #....
.#...##.#..#...## #s.#.# #..##
.....##.#.###...#####.# #.#.#
........#..#....§s##§#.# #.##.
##.#.#..#.......@sQ§#.#.# #.###
...#.#..#......#.§##§#.#.# #.##.
#..#.#..###...###§# #.#.#Q# #.#)#
...#.#..# ##...#..# #.#.#.l#.###
.....#..# #.....## #.##.[#....
.....#..#########################
........#.♣♣..♣...#....#.#.?#...÷
####....#...PP.♣.P#[..#.#.#.#.###
# #....#...♣.♣...#...#.#..##.#(.


You could see a tengu warrior and 2 wolf spiders.

Vanquished Creatures
  A minotaur (Gauntlet)
  A white draconian (IceCv)
  An ettin (Orc:2)
  14 hydras
  8 vault guards (D:13)
  4 boulder beetles
  An ice dragon (Orc:2)
  A merfolk avatar (Lair:6)
  Erica (D:9)
  4 two-headed ogres
  A death knight (D:13)
  2 centaur warriors
  7 orc high priests (Orc:2)
  A deep troll earth mage (D:14)
  A tengu warrior (D:14)
  Urug (Lair:6)
  The ghost of Ajdolov the Whirler, a novice SpHu of Hepliaklqana (D:7)
  4 lindwurms (Lair:3)
  A deep elf zephyrmancer (Orc:1)
  An orc knight (Orc:2)
  Pikel (D:9)
  4 deep elf pyromancers
  4 harpies
  An oklob plant (Gauntlet)
  6 ugly things
  3 cyclopes
  5 manticores
  6 elephants (Lair:5)
  2 ice statues (IceCv)
  4 black mambas
  11 cane toads
  A gargoyle (D:11)
  A kobold demonologist (D:14)
  14 komodo dragons
  3 freezing wraiths
  2 efreet (D:14)
  2 tengu conjurers (D:14)
  8 rime drakes
  A meliai (D:14)
  7 trolls
  9 polar bears
  A blink frog (shapeshifter) (D:14)
  3 hornets
  12 blink frogs
  8 slime creatures
  12 dream sheep
  2 snapping turtles (Lair:6)
  Sigmund (D:3)
  41 yaks
  A spriggan (Lair:6)
  7 wyverns
  3 wraiths
  8 basilisks
  A human (shapeshifter) (D:14)
  2 steam dragons
  6 wargs
  3 acid dragons
  12 water moccasins
  Pargi (Sewer)
  31 orc warriors
  4 ice beasts
  8 ogres
  2 sky beasts
  A swamp drake (Orc:1)
  5 wolves (Lair:2)
  A phantom (D:4)
  8 centaurs
  2 lemures (D:9)
  A kobold brigand (D:9)
  18 bullfrogs
  2 necrophages
  A gnoll sergeant (D:7)
  6 scorpions
  A hornet simulacrum (D:14)
  8 wights
  3 lindwurm simulacra (IceCv)
  13 killer bees
  2 electric eels (D:8)
  A spectral centaur (D:7)
  A crimson imp (Orc:1)
  6 komodo dragon simulacra (IceCv)
  2 hounds
  A jelly (D:6)
  A gnoll shaman (D:7)
  Crazy Yiuf (D:5)
  40 orc priests
  An iron imp (Orc:1)
  5 iguanas
  25 orc wizards
  A statue (D:5)
  4 centaur simulacra
  A spectral howler monkey (D:7)
  22 gnolls
  8 acid dragon simulacra (IceCv)
  4 adders
  A howler monkey skeleton (D:7)
  A shadow imp (Orc:1)
  A howler monkey simulacrum (D:7)
  An ufetubus (D:4)
  3 steam dragon simulacra (IceCv)
  A worm (D:4)
  99 orcs
  6 ball pythons
  4 endoplasms
  4 giant cockroaches
  10 goblins
  6 hobgoblins
  10 jackals
  6 quokkas
  4 bats
  4 frilled lizards
  14 kobolds
  5 rats
696 creatures vanquished.

Vanquished Creatures (collateral kills)
  A hornet (Lair:6)
  A polar bear (Lair:6)
  2 blink frogs (Lair:6)
4 creatures vanquished.

Vanquished Creatures (others)
  A dream sheep (Lair:6)
  A white imp (Orc:1)
  3 orcs (Orc:1)
  26 fungi
  62 plants
93 creatures vanquished.

Grand Total: 793 creatures vanquished

Notes
Turn   | Place    | Note
-------+----------+-------------------------------------------
     0 | D:1      | tilp the Felid Ice Elementalist began the quest for the
                  | Orb.
     0 | D:1      | Reached XP level 1. HP: 7/7 MP: 4/4
    20 | D:1      | You fall into a shaft and drop 1 floor!
   895 | D:2      | Reached XP level 2. HP: 12/12 MP: 4/6
  1878 | D:2      | Reached skill level 1 in Fighting
  1878 | D:2      | Reached XP level 3. HP: 11/15 MP: 2/7
  1882 | D:2      | Learned a level 3 spell: Frozen Ramparts
  2727 | D:3      | Found a shadowy altar of Dithmenos.
  2734 | D:3      | Found a sparkling altar of Nemelex Xobeh.
  2734 | D:3      | Found a glowing golden altar of the Shining One.
  2783 | D:3      | Noticed Sigmund
  3017 | D:3      | Reached XP level 4. HP: 19/19 MP: 2/8
  3021 | D:3      | Learned a level 3 spell: Ozocubu's Armour
  3635 | D:4      | Noticed a phantom
  3784 | D:4      | Found a hide-covered altar of Uskayaw.
  3785 | D:4      | Found a basalt altar of Yredelemnul.
  3801 | D:4      | Noticed a scorpion
  3805 | D:4      | Killed a scorpion
  3806 | D:4      | Reached skill level 2 in Fighting
  3806 | D:4      | Reached skill level 5 in Ice Magic
  3806 | D:4      | Reached XP level 5. HP: 18/22 MP: 5/10
  4234 | D:4      | Gained mutation: You are covered in thick fur. (AC +2)
                  | [Felid growth]
  4234 | D:4      | Reached XP level 6. HP: 26/26 MP: 9/11
  4700 | D:5      | Entered Level 5 of the Dungeon
  4791 | D:5      | Found a glowing drain.
  4813 | Sewer    | Entered a sewer
  4831 | Sewer    | Noticed Pargi
  4855 | Sewer    | Killed Pargi
  4856 | Sewer    | Reached skill level 1 in Unarmed Combat
  4856 | Sewer    | Reached skill level 1 in Evocations
  5101 | D:5      | Reached skill level 3 in Fighting
  5101 | D:5      | Reached XP level 7. HP: 30/31 MP: 10/12
  5105 | D:5      | Learned a level 3 spell: Stone Arrow
  5295 | D:5      | Found a runed translucent door.
  5296 | D:5      | Noticed Crazy Yiuf
  5399 | D:5      | Found a radiant altar of Vehumet.
  5623 | D:5      | Killed Crazy Yiuf
  5984 | D:6      | Found a staircase to the Ecumenical Temple.
  5997 | Temple   | Entered the Ecumenical Temple
  6353 | D:6      | Found a broken altar of Ashenzari.
  6492 | D:6      | Reached skill level 4 in Fighting
  6621 | D:6      | Noticed a steam dragon
  6654 | D:6      | Reached skill level 5 in Stealth
  6981 | D:6      | Reached XP level 8. HP: 36/36 MP: 10/13
  7429 | D:7      | Noticed a hornet
  7443 | D:7      | Paralysed by a hornet for 1 turns
  7444 | D:7      | Killed a hornet
  7445 | D:7      | Reached skill level 1 in Conjurations
  7445 | D:7      | Reached skill level 1 in Earth Magic
  7665 | D:7      | Killed from afar by an orc priest
  7666 | D:7      | Reached XP level 7. HP: -1/32 MP: 3/12
  7882 | D:7      | Found a runed translucent gate.
  7882 | D:7      | Found a runed translucent gate.
  7882 | D:7      | Found a runed translucent gate.
  7936 | D:7      | Noticed a steam dragon
  7953 | D:7      | Noticed Ajdolov's ghost (novice SpHu)
  8132 | D:7      | Reached XP level 8. HP: 36/36 MP: 5/14
  8138 | D:7      | Learned a level 4 spell: Hailstorm
  9021 | D:5      | Became a worshipper of Vehumet
  9104 | D:3      | Killed Sigmund
  9401 | D:8      | Reached skill level 5 in Fighting
  9581 | D:8      | Found a flagged portal.
  9591 | D:8      | Reached XP level 9. HP: 31/40 MP: 4/16
  9598 | D:8      | Got the Tome of Freezing Summoning
  9671 | Bailey   | Entered a bailey
 10229 | Bailey   | Reached skill level 5 in Conjurations
 10319 | Bailey   | HP: 1/40 [orc warrior (9)]
 10634 | Bailey   | Identified the +12 triple sword of the Chickpea {flame, rF+
                  | Int+4}
 10635 | Bailey   | Noticed an orc knight
 10635 | Bailey   | Noticed an orc knight
 10964 | D:8      | Found a staircase to the Lair.
 11000 | D:8      | Reached * piety under Vehumet
 11000 | D:8      | Offered knowledge of Shock by Vehumet.
 11352 | D:8      | Reached skill level 5 in Spellcasting
 11355 | D:8      | Reached skill level 6 in Fighting
 11366 | D:8      | Reached XP level 10. HP: 44/45 MP: 1/18
 12114 | D:9      | Offered knowledge of Sandblast by Vehumet.
 12116 | D:9      | Reached ** piety under Vehumet
 12264 | D:9      | Noticed Erica
 12359 | D:9      | Found a staircase to the Orcish Mines.
 12701 | D:9      | Noticed an eight-headed hydra
 12711 | D:9      | Killed an eight-headed hydra
 13218 | D:9      | Found Zyebo's Armour Shoppe.
 13354 | D:9      | Noticed Pikel
 13361 | D:9      | Killed Pikel
 13362 | D:9      | Reached skill level 5 in Evocations
 13844 | D:10     | Entered Level 10 of the Dungeon
 13868 | D:10     | Noticed Lodul
 14145 | D:10     | Noticed a cyclops
 14198 | D:10     | Killed a cyclops
 14199 | D:10     | Reached XP level 11. HP: 49/49 MP: 19/19
 14352 | D:10     | Reached skill level 7 in Fighting
 14413 | D:10     | Noticed a two-headed ogre
 14568 | D:10     | Noticed a two-headed ogre
 14818 | D:10     | Noticed a two-headed ogre
 14822 | D:10     | Noticed a two-headed ogre
 15544 | D:10     | Killed a two-headed ogre
 15817 | D:10     | Killed a two-headed ogre
 15818 | D:10     | Reached skill level 8 in Fighting
 16071 | D:11     | Noticed a boulder beetle
 16167 | D:11     | Noticed an eight-headed hydra
 17411 | D:7      | Killed Ajdolov's ghost
 17419 | D:7      | Offered knowledge of Ignite Poison by Vehumet.
 17670 | Lair:1   | Entered Level 1 of the Lair of Beasts
 17918 | Lair:1   | Found an opulent altar of Gozag.
 18900 | Lair:2   | Reached *** piety under Vehumet
 18938 | Lair:2   | Gained mutation: Your thick and shaggy fur keeps you warm.
                  | (AC +3, rC+) [Felid growth]
 18938 | Lair:2   | Reached XP level 12. HP: 56/56 MP: 2/21
 19309 | Lair:2   | Noticed a minotaur
 19309 | Lair:2   | Noticed Dialam's ghost (journeyman OpFi)
 19321 | Lair:2   | Found a runed translucent gate.
 19321 | Lair:2   | Found a runed translucent gate.
 19321 | Lair:2   | Found a runed translucent gate.
 19604 | Lair:2   | Offered knowledge of Airstrike by Vehumet.
 19746 | Lair:2   | Found a hole to the Spider Nest.
 19950 | Lair:2   | Noticed an eight-headed hydra
 19979 | Lair:2   | Killed an eight-headed hydra
 20268 | Lair:2   | Reached skill level 9 in Fighting
 20531 | Lair:2   | Noticed a seven-headed hydra
 20590 | Lair:2   | Killed a seven-headed hydra
 20687 | Lair:2   | Found a staircase to the Swamp.
 20893 | Lair:3   | Found a gate leading to a gauntlet.
 20986 | Gauntlet | Entered a Gauntlet
 20986 | Gauntlet | Noticed a quicksilver ooze
 20986 | Gauntlet | Found a large runed translucent door.
 20986 | Gauntlet | Found a large runed translucent door.
 20986 | Gauntlet | Found a large runed translucent door.
 20986 | Gauntlet | Found a large runed translucent door.
 20986 | Gauntlet | Found a large runed translucent door.
 20986 | Gauntlet | Found a large runed translucent door.
 20986 | Gauntlet | Found a large runed translucent door.
 20986 | Gauntlet | Found a large runed translucent door.
 20986 | Gauntlet | Found a runed translucent door.
 20986 | Gauntlet | Found a runed translucent gate.
 20986 | Gauntlet | Found a transporter.
 20986 | Gauntlet | Found a transporter.
 20986 | Gauntlet | Found a runed translucent gate.
 20986 | Gauntlet | Found a transporter.
 20986 | Gauntlet | Found a transporter.
 20990 | Gauntlet | Found a transporter.
 20991 | Gauntlet | Found a runed translucent gate.
 20991 | Gauntlet | Found a runed translucent door.
 20995 | Gauntlet | Found a large runed translucent door.
 20995 | Gauntlet | Found a large runed translucent door.
 20996 | Gauntlet | Found a large runed translucent door.
 20997 | Gauntlet | Found a large runed translucent door.
 21001 | Gauntlet | Found a transporter.
 21006 | Gauntlet | Found a large runed translucent door.
 21006 | Gauntlet | Found a large runed translucent door.
 21007 | Gauntlet | Found a transporter.
 21009 | Gauntlet | Found a transporter.
 21022 | Gauntlet | Found a transporter.
 21044 | Gauntlet | Found a transporter.
 21070 | Gauntlet | Found a transporter.
 21088 | Gauntlet | Noticed a fire dragon
 21088 | Gauntlet | a tyrant leech changed into a fire dragon
 21092 | Gauntlet | a fire dragon changed into a slime creature
 21093 | Gauntlet | Found a large runed translucent door.
 21093 | Gauntlet | Found a large runed translucent door.
 21144 | Gauntlet | Found a transporter.
 21531 | Gauntlet | Noticed a golden dragon
 21556 | Gauntlet | Noticed a shadow dragon
 21556 | Gauntlet | a golden dragon changed into a shadow dragon
 21568 | Gauntlet | Noticed an iron dragon
 21568 | Gauntlet | a shadow dragon changed into an iron dragon
 21646 | Gauntlet | Noticed a golden dragon
 21646 | Gauntlet | an iron dragon changed into a golden dragon
 21661 | Gauntlet | Noticed an iron dragon
 21661 | Gauntlet | a golden dragon changed into an iron dragon
 21668 | Gauntlet | Noticed a caustic shrike
 21668 | Gauntlet | an iron dragon changed into a caustic shrike
 21671 | Gauntlet | Noticed an ettin
 21671 | Gauntlet | a wolf spider changed into an ettin
 21681 | Gauntlet | Noticed a bunyip
 21681 | Gauntlet | an ettin changed into a bunyip
 21727 | Gauntlet | Noticed a spark wasp
 21727 | Gauntlet | a bunyip changed into a spark wasp
 21751 | Gauntlet | Noticed an iron giant
 21751 | Gauntlet | a caustic shrike changed into an iron giant
 21760 | Gauntlet | Noticed a caustic shrike
 21760 | Gauntlet | an iron giant changed into a caustic shrike
 21775 | Gauntlet | Noticed an iron dragon
 21775 | Gauntlet | a caustic shrike changed into an iron dragon
 21790 | Gauntlet | a spark wasp changed into a wolf spider
 21801 | Gauntlet | Noticed an ice dragon
 21801 | Gauntlet | a wolf spider changed into an ice dragon
 21804 | Gauntlet | HP: 1/57 [ice dragon (shapeshifter) (8)]
 21804 | Gauntlet | Mangled by an ice dragon (shapeshifter)
 21805 | Gauntlet | Reached XP level 11. HP: -9/53 MP: 19/21
 21811 | Gauntlet | Identified the ring of Jayb {Fire Int+4 Dex+3}
 21811 | Gauntlet | Noticed a minotaur
 21824 | Gauntlet | Killed a minotaur
 21825 | Gauntlet | Reached skill level 10 in Conjurations
 21825 | Gauntlet | Reached skill level 10 in Ice Magic
 21836 | Gauntlet | Identified the +5 scale mail "Yptimono" {rPois Regen+
                  | Str-3}
 22078 | Lair:3   | Noticed an eight-headed hydra
 22087 | Lair:3   | Killed an eight-headed hydra
 22342 | Lair:3   | Reached **** piety under Vehumet
 22663 | Lair:3   | Offered knowledge of Fulminant Prism by Vehumet.
 22664 | Lair:3   | Reached skill level 10 in Fighting
 22665 | Lair:3   | Reached XP level 12. HP: 58/58 MP: 12/23
 23013 | Lair:3   | Identified the +5 flail "Nemeisyu" {vamp, *Corrode rPois
                  | SInv}
 23014 | Lair:3   | Identified the +11 gold dragon scales "Osar" {rPois rF+ rC+
                  | Int+2}
 23017 | Lair:3   | Identified the ring "Suttyapn" {Fire *Corrode rN+++ Int+6
                  | Dex-4}
 23228 | Lair:4   | Reached skill level 5 in Dodging
 23387 | Lair:4   | You fall into a shaft and drop 2 floors!
 23387 | Lair:6   | Entered Level 6 of the Lair of Beasts
 23425 | Lair:6   | Noticed a four-headed hydra
 23435 | Lair:6   | Killed a four-headed hydra
 23568 | Lair:6   | Reached skill level 5 in Unarmed Combat
 23614 | Lair:6   | Noticed a four-headed hydra
 23629 | Lair:6   | Reached ***** piety under Vehumet
 23629 | Lair:6   | Killed a four-headed hydra
 24050 | Lair:6   | Offered knowledge of Yara's Violent Unravelling by Vehumet.
 24099 | Lair:6   | Reached skill level 10 in Stealth
 24299 | Lair:5   | Noticed a boulder beetle
 24324 | Lair:5   | Reached skill level 11 in Fighting
 24441 | Lair:5   | Noticed a seven-headed hydra
 24472 | Lair:5   | Reached XP level 13. HP: 63/63 MP: 5/24
 24604 | Lair:5   | Found a runed translucent door.
 24604 | Lair:5   | Found a viscous altar of Jiyva.
 24604 | Lair:5   | Found a staircase to the Slime Pits.
 24857 | Lair:4   | Found a transporter.
 24860 | Lair:4   | Found a transporter.
 24872 | Lair:4   | Noticed Atont's ghost (journeyman DDFi)
 25887 | Lair:6   | Reached skill level 12 in Fighting
 25893 | Lair:6   | Learned a level 5 spell: Irradiate
 26166 | Lair:6   | Noticed Urug
 26584 | Lair:6   | Reached skill level 1 in Transmutations
 27027 | Lair:6   | Offered knowledge of Fireball by Vehumet.
 27212 | Lair:6   | Killed Urug
 27417 | Lair:6   | Found the ring of the Octopus King
 27432 | Lair:6   | Identified a ring of the Octopus King {rCorr AC+1 EV+1
                  | Str+1 Int+1 Dex+1}
 27682 | D:9      | Killed Erica
 27753 | Orc:1    | Entered Level 1 of the Orcish Mines
 28305 | Orc:1    | Found the +3 hat of Pondering {ponderous, Will+ MP+10
                  | Int+5}
 28685 | Orc:2    | Entered Level 2 of the Orcish Mines
 28847 | Orc:2    | Found a frozen archway.
 28971 | IceCv    | Entered an ice cave
 29277 | IceCv    | Reached skill level 5 in Earth Magic
 29607 | IceCv    | Reached XP level 14. HP: 35/69 MP: 16/26
 30063 | IceCv    | Offered knowledge of Freezing Cloud by Vehumet.
 30073 | IceCv    | Learned a level 5 spell: Freezing Cloud
 31201 | Orc:2    | Found Zuci's Antique Armour Emporium.
 31201 | Orc:2    | Found Ruce's Antique Armour Boutique.
 31922 | Orc:2    | Found a staircase to the Elven Halls.
 32163 | Orc:2    | Found Nagheg's Magic Scroll Shoppe.
 32398 | Orc:2    | Found Sekhlaha's Weapon Boutique.
 32398 | Orc:2    | Found Faagoopt's Book Emporium.
 32642 | Orc:2    | Bought a book of Dangerous Friends for 600 gold pieces
 32669 | Orc:2    | Bought a scroll of blinking for 105 gold pieces
 32669 | Orc:2    | Bought a scroll of teleportation for 42 gold pieces
 32821 | D:11     | Offered knowledge of Ozocubu's Refrigeration by Vehumet.
 32959 | D:11     | HP: 1/69 [eight-headed hydra (15)]
 32959 | D:11     | Mangled by an eight-headed hydra
 32960 | D:11     | Reached XP level 13. HP: -13/65 MP: 24/26
 33405 | D:11     | Learned a level 7 spell: Ozocubu's Refrigeration
 34495 | D:13     | Found an ancient bone altar of Kikubaaqudgha.
 35574 | D:13     | Found a gate to the Vaults.
 35581 | D:13     | Reached skill level 13 in Fighting
 35587 | D:13     | Reached XP level 14. HP: 62/70 MP: 15/28
 36000 | D:14     | Upgraded the game from 0.29-a0-307-gecccbbdb84 to
                  | 0.29-a0-311-gcbd9eb2193
 36211 | D:14     | Identified the +0 pair of gloves of Reason {rElec rPois
                  | Stlth+}
 37779 | D:14     | Offered knowledge of Lee's Rapid Deconstruction by Vehumet.
 38061 | D:14     | Shot with an arrow by a centaur warrior
 38062 | D:14     | Reached XP level 13. HP: -1/66 MP: 17/27
 38062 | D:14     | Upgraded the game from 0.29-a0-311-gcbd9eb2193 to
                  | 0.29-a0-315-gaf6dd05e2f
 38750 | D:14     | HP: 3/67 [wolf spider (10)]
 38751 | D:14     | HP: 1/67 [wolf spider (8)]
 38751 | D:14     | Slain by a wolf spider

Illustrated notes

Levels and vault maps discovered:
D:1:      dpeg_arrival_renting, layout_basic
D:2:      layout_loops_corners
D:3:      layout_rooms, lemuel_crystal_altar, grunt_temple_overflow_open,
          serial_forest, infiniplex_forest_lined_room_3,
          infiniplex_forest_lined_2, infiniplex_forest_lined_ring,
          infiniplex_forest_lined_corner, infiniplex_forest_clump_double,
          infiniplex_forest_clump_tiny, infiniplex_forest_lined_1,
          infiniplex_forest_pool, infiniplex_forest_clump_double,
          infiniplex_forest_clump_small, uniq_sigmund
D:4:      layout_basic, nicolae_overflow_hidden_temple
D:5:      layout_basic, vehumet_statue, portal_sewer_entry_d,
          minmay_misc_feat_hallway, kennysheep_pointless_box,
          hangedman_decor_lopped, uniq_crazy_yiuf_cottage
D:6:      layout_gridville, cheibrodos_ashenzari_chains,
          minmay_temple_entry_proselytizer
D:7:      layout_basic, gammafunk_ghost_necromancy
D:8:      layout_basic, lair_entry_dummy, enter_bailey_7, kennysheep_donut
D:9:      layout_stronghold, orc_0_dummy, serial_shops, shop,
          kennysheep_generic_room_8, uniq_erica, uniq_pikel
D:10:     nicolae_cairo_tiling, layout_loops_corners, uniq_lodul
D:11:     layout_cave_pools, special_room [special_room_orc]
D:12:     layout_irregular_city, serial_column_ruins, column_ruins_open_medium,
          column_ruins_corridor_dead_end, column_ruins_grid_3,
          column_ruins_open_tiny, column_ruins_columns_dead_end
D:13:     layout_basic, erik_vaults_2, nicolae_kikubaaqudgha_miasma_corner
D:14:     minmay_the_grid_3x3 [minmay_the_grid_garden, minmay_the_grid_expand,
          minmay_the_grid_armoury, minmay_the_grid_eight, minmay_the_grid_box_x,
          minmay_the_grid_minigrid_small_alt, minmay_the_grid_empty,
          minmay_the_grid_plusring,
          minmay_the_grid_prize_four_corners_diamond_b], layout_basic,
          roderic_serpentine_path
Temple:   regret_index_temple_waves
Lair:1:   layout_cave_pods, basic_altar, grunt_megastairs_1
Lair:2:   nzn_winding_woodlands_small [nzn_winding_woodlands_5x15_twine,
          nzn_winding_woodlands_center_triple_pond,
          nzn_winding_woodlands_5x15_sidewinder], layout_hall_layers,
          palyth_hydra_swamp_entry, dummy_spider_entry,
          maelrawn_ghost_gauntlet_escape
Lair:3:   layout_small_grid, gauntlet_entry_generic,
          eino_small_chamber_without_monster, minmay_lindwurm_lava
Lair:4:   layout_big_grid, gammafunk_ghost_hive, grunt_megastairs_2,
          lemuel_fruit_fields
Lair:5:   layout_concentric_octagons, slime_altar_2
Lair:6:   gammafunk_lair_ancient_temple, layout_regular_city,
          grunt_forest_large_clearing_hut, uniq_urug
Orc:1:    layout_diamond_mine, basic_altar, hangedman_minor_magic
Orc:2:    st_orc_town, layout_caves, portal_ice_cave_entry_animals_and_master,
          serial_shops, nicolae_shop_hallway_plus

Skill      XL: |  1  2  3  4  5  6  7  8  9 10 11 12 13 14 |
---------------+-------------------------------------------+-----
Ice Magic      | 4 5 6 7 8 10 11 | 11.7
Fighting       | 1 2 3 4 5 6 10 11 13 | 13.7
Spellcasting   | 3 4 5 7 6 9 8 |  9.0
Dodging        | 3 4 6 |  6.0
Stealth        | 3 5 6 7 8 10 | 10.0
Unarmed Combat | 1 2 3 4 6 8 |  8.0
Evocations     | 1 3 4 5 8 7 |  8.0
Conjurations   | 3 4 6 8 10 11 | 11.7
Earth Magic    | 3 4 6 |  6.0
Transmutations | 3 4 |  4.0

Action                   |  1- 3 |  4- 6 |  7- 9 | 10-12 | 13-15 || total
-------------------------+-------+-------+-------+-------+-------++-------
Melee: Unarmed           |    34 |    30 |    49 |   132 |   136 ||   381
       Bite              |     3 |     3 |     3 |    22 |    18 ||    49
       Punch             |       |       |     1 |     5 |     9 ||    15
 Cast: Freeze            |    48 |    37 |    58 |    14 |     2 ||   159
       Frozen Ramparts   |     3 |    13 |    31 |    60 |    56 ||   163
       Ozocubu's Armour  |       |     6 |    22 |    59 |    59 ||   146
       Stone Arrow       |       |       |    43 |   210 |   321 ||   574
       Hailstorm         |       |       |     2 |    37 |    43 ||    82
       Freezing Cloud    |       |       |       |       |    40 ||    40
Evoke: Wand              |       |       |     5 |     7 |     5 ||    17
       Lightning rod     |       |       |       |     4 |       ||     4
  Use: Scroll            |     6 |    11 |     7 |     9 |     3 ||    36
       Potion            |       |       |     2 |     4 |     2 ||     8
 Stab: Sleeping          |     4 |     8 |     8 |    23 |    17 ||    60
       Paralysed         |       |       |       |     3 |       ||     3
Armor: Skin              |     1 |    13 |     9 |    31 |    64 ||   118
Dodge: Dodged            |    63 |    66 |   100 |   234 |   306 ||   769

Table legend: (Time is in decaauts)
 A = Elapsed time spent in this place.
 B = Non-inter-level travel time spent in this place.
 C = Inter-level travel time spent in this place.
 D = Time resting spent in this place.
 E = Time spent auto-exploring this place.
 F = Levels seen in this place.
 G = Mean time per level.
                   A        B        C        D        E       F      G
               +--------+--------+--------+--------+--------+-----+--------+
         Total |  35040 |  32951 |   2089 |   9969 |  17637 |  27 | 1297.8 |
       Dungeon |  20132 |  18526 |   1606 |   5106 |  10723 |  14 | 1438.0 |
        Temple |    124 |     68 |     56 |      0 |     56 |   1 |  124.0 |
          Lair |   8094 |   7837 |    257 |   1807 |   4772 |   6 | 1349.0 |
  Orcish Mines |   2816 |   2647 |    169 |    334 |   1676 |   2 | 1408.0 |
         Sewer |    218 |    218 |      0 |     80 |      6 |   1 |  218.0 |
        Bailey |    946 |    946 |      0 |    685 |      0 |   1 |  946.0 |
      Ice Cave |   1784 |   1784 |      0 |   1404 |    168 |   1 | 1784.0 |
      Gauntlet |    923 |    923 |      0 |    551 |    233 |   1 |  923.0 |
               +--------+--------+--------+--------+--------+-----+--------+

Top non-repeatable levels by time:
    D:14: 2527 daAuts
     D:9: 2360 daAuts
  Lair:6: 2103 daAuts
   Orc:2: 1897 daAuts
     D:7: 1863 daAuts
   IceCv: 1784 daAuts
  Lair:2: 1762 daAuts
     D:2: 1638 daAuts
     D:6: 1634 daAuts
    D:10: 1543 daAuts
    D:13: 1541 daAuts
     D:8: 1345 daAuts
  Lair:3: 1126 daAuts
  Lair:4: 1120 daAuts
     D:4: 1118 daAuts
